 Dungeon Crawl Stone Soup version 0.22-a0-587-g7d32d7c (webtiles) character file.

121 varam the Sneak (level 5, -3/31 HPs)
             Began as an Octopode Wizard on July 3, 2018.
             Succumbed to kobold's curare-tipped needle
             ... on level 3 of the Dungeon on July 4, 2018.
             The game lasted 00:10:24 (3083 turns).

varam the Sneak (Octopode Wizard)                   Turns: 3083, Time: 00:10:24

Health: -3/31      AC:  1    Str:  6    XL:     5   Next: 5%
Magic:  5/9        EV: 13    Int: 21    God:
Gold:   111        SH:  0    Dex: 11    Spells: 2/10 levels left

rFire    . . .     SeeInvis .   c - +1 dagger (venom)
rCold    . . .     Gourm    .   (no shield)
rNeg     . . .     Faith    .   a - +0 hat
rPois    .         Spirit   .   (no amulet)
rElec    .         Reflect  .   d - ring of stealth
rCorr    .         Harm     .   (no ring)
MR       .....                  (no ring)
Stlth    ++++......             (no ring)
HPRegen  0.10/turn              (no ring)
MPRegen  0.11/turn              (no ring)
                                (no ring)
                                (no ring)

@: lethally poisoned (-3 -> -44), hasted and slowed
A: almost no armour, stealthy swim, amphibious, 8 rings, constrict 8, camouflage
1, gelatinous body 1
a: no special abilities


You were on level 3 of the Dungeon.
You were not hungry.

You visited 1 branch of the dungeon, and saw 3 of its levels.

You collected 111 gold pieces.

Inventory:

Hand Weapons
 c - a +1 dagger of venom (weapon)
 r - a +2 short sword of speed
Missiles
 b - 109 stones (quivered)
 v - 6 tomahawks
Armour
 a - a +0 hat (worn)
 s - a +2 buckler
Jewellery
 d - a ring of stealth (left tentacle)
 u - an uncursed amulet of magic regeneration {unknown}
Scrolls
 f - a scroll of teleportation {unknown}
 i - 2 scrolls of identify {unknown}
 j - a scroll of remove curse {unknown}
 m - a scroll of fear {unknown}
 n - a scroll of noise {unknown}
 p - a scroll of fog {unknown}
 q - a scroll of amnesia {unknown}
Potions
 g - 2 potions of brilliance {unknown}
 h - a potion of haste
 k - a potion of lignification {unknown}
 l - 2 potions of heal wounds {unknown}
 t - a potion of berserk rage {unknown}
Comestibles
 e - a ration
 o - a chunk of flesh


   Skills:
 - Level 2.0 Dodging
 - Level 4.0 Stealth
 * Level 1.0 Shields
 - Level 3.2 Spellcasting
 + Level 2.4 Conjurations
 - Level 1.3 Summonings
 - Level 1.3 Translocations
 + Level 1.2 Air Magic
 + Level 1.5 Poison Magic


You had 2 spell levels left.
You knew the following spells:

 Your Spells              Type           Power        Failure   Level  Hunger
a - Magic Dart            Conj           ##..         4%          1    None
b - Call Imp              Summ           #.......     12%         2    ##.....
c - Blink                 Tloc           N/A          11%         2    ##.....
d - Mephitic Cloud        Conj/Pois/Air  ##......     19%         3    ###....

Your spell library contained the following spells:

 Spells                   Type           Power        Failure   Level  Hunger
 Conjure Flame            Conj/Fire      #.......     24%         3    ###....
 Slow                     Hex            #.......     21%         2    ##.....


Dungeon Overview and Level Annotations

Branches:
Dungeon (3/15)

Altars:

Annotations:
D:2 1 exclusion, Sigmund


Innate Abilities, Weirdness & Mutations

You cannot wear most types of armour.
You are very stealthy in the water. (Stealth+)
You are amphibious.
You can wear up to eight rings at the same time.
You can use your tentacles to constrict eight enemies at once.
Your skin changes colour to match your surroundings (Stealth+).
Your rubbery body absorbs attacks. (AC +1, EV +1)


Message History

Okay, then.
Casting: Magic Dart (safe; 4% risk of failure)
Confirm with . or Enter, or press ? or * to list all spells.
A beastly little devil appears in a puff of frigid air.
You feel sick.
The kobold shoots a curare-tipped needle.
The curare-tipped needle hits you.
You are lethally poisoned!
You have difficulty breathing.
* * * LOW HITPOINT WARNING * * *
You feel as though you will be slow longer.
The kobold shoots a curare-tipped needle.
The curare-tipped needle hits you.
You are more poisoned.
You have difficulty breathing.
* * * LOW HITPOINT WARNING * * *
You feel as though you will be slow longer.
It was a potion of haste.
You feel yourself speed up.
h - a potion of haste;
l - 2 silvery potions You die...

####### #.. ..#
#.# #.# #######
#.###.###
#.....####.#......
#.###........#.###
#5########.....#
#@.# #######
###.#####
#..(....#
#.#.###.# #.#.# .
... .. ... .#
.#K#. ## .....


You could see a kobold and a friendly white imp.

Vanquished Creatures
  An orc wizard (D:2)
  4 adders
  An ooze (D:1)
  2 worms (D:2)
  3 dart slugs
  2 leopard geckos
  2 orcs (D:2)
  2 giant cockroaches
  5 goblins
  A hobgoblin (D:1)
  3 jackals (D:1)
  8 kobolds
  A ball python (D:2)
  6 bats
  3 frilled lizards
  8 rats
52 creatures vanquished.

Notes
Turn   | Place    | Note
-------+----------+-------------------------------------------
     0 | D:1      | varam the Octopode Wizard began the quest for the Orb.
     0 | D:1      | Reached XP level 1. HP: 11/11 MP: 4/4
     0 | D:1      | Upgraded the game from 0.22-a0-580-gd5db89c to 0.22-a0-587-g7d32d7c
   452 | D:1      | Reached skill level 3 in Stealth
   501 | D:1      | Reached XP level 2. HP: 17/17 MP: 4/6
   505 | D:1      | Learned a level 2 spell: Call Imp
   508 | D:1      | Learned a level 2 spell: Blink
  1218 | D:1      | Reached XP level 3. HP: 21/21 MP: 2/7
  1433 | D:1      | Learned a level 3 spell: Mephitic Cloud
  1861 | D:2      | Reached skill level 4 in Stealth
  1899 | D:2      | Reached XP level 4. HP: 27/27 MP: 0/8
  2445 | D:2      | Noticed Sigmund
  2517 | D:2      | Reached skill level 1 in Poison Magic
  2622 | D:2      | Reached skill level 1 in Air Magic
  3010 | D:3      | Reached skill level 1 in Shields
  3010 | D:3      | Reached XP level 5. HP: 31/31 MP: 5/9
  3082 | D:3      | HP: 1/31 [asphyx]
  3083 | D:3      | Succumbed to kobold's curare-tipped needle

Vault maps used:
D:1:      dpeg_arrival_three_same_balls
D:2:      minmay_tetromino_t4, uniq_sigmund

Skill      XL: |  1  2  3  4 |
---------------+-------------+-----
Stealth        | 3 4 |  4.0
Conjurations   | 2 |  2.4
Poison Magic   | 1 |  1.5
Air Magic      | 1 |  1.2
Shields        | 1 |  1.0
Dodging        | |  2.0
Spellcasting   | |  3.2
Summonings     | |  1.3
Translocations | |  1.3

Action                   |  1- 3 |  4- 6 || total
-------------------------+-------+-------++-------
Melee: Dagger            |    34 |    25 ||    59
       Constrict         |    10 |     5 ||    15
       Tentacles         |     1 |     1 ||     2
 Cast: Magic Dart        |    63 |    29 ||    92
       Call Imp          |       |     3 ||     3
  Use: Potion            |       |     1 ||     1
 Stab: Sleeping          |       |     3 ||     3
       Distracted        |       |     1 ||     1
  Eat: Ration            |     1 |       ||     1
       Chunk             |       |     3 ||     3
Armor: Skin              |     7 |     1 ||     8
Dodge: Dodged            |    39 |    10 ||    49

Table legend:
 A = Spawn XP
 B = Non-spawn XP
 C = Spawn XP percentage of total XP
 D = Spawn monster count
 E = Non-spawn monster count
 F = Spawn count percentage of total count
 G = Total turns spent on level
                    A         B        C        D         E        F      G
               +---------+---------+-------+---------+---------+-------+---------
         Total |       0 |     174 |   0.0 |       0 |      52 |   0.0 |  3083
               +---------+---------+-------+---------+---------+-------+---------
           D:1 |       0 |      44 |   0.0 |       0 |      22 |   0.0 |  1460
           D:2 |       0 |     115 |   0.0 |       0 |      28 |   0.0 |  1525
           D:3 |       0 |      15 |   0.0 |       0 |       2 |   0.0 |    98
               +---------+---------+-------+---------+---------+-------+---------
